 Dungeon Crawl Stone Soup version 0.31-a0-1059-g83d41fd8b6 (webtiles) character file.

Game seed: 17902431667939254243

9 Chiseanne the Sneak (level 2, 22/22 HPs)
             Began as a Demonspawn Wanderer on Nov 21, 2023.
             Quit the game on level 1 of the Dungeon.
             The game lasted 00:00:37 (258 turns).

Chiseanne the Sneak (Demonspawn Wanderer)            Turns: 258, Time: 00:00:38

Health: 22/22      AC:  3    Str: 14    XL:     2   Next: 3%
Magic:  3/3        EV: 13    Int: 12    God:
Gold:   0          SH:  0    Dex: 17    Spells: 2/3 levels left

rFire   . . .        a - +2 dagger
rCold   . . .        (no shield)
rNeg    . . .        e - +0 robe
rPois   .            c - +0 helmet
rElec   .            (no cloak)
rCorr   .            (no gloves)
SInv    .            (no boots)
Will    .....        (no amulet)
Stlth   +++          g - +6 ring of strength
HPRegen 0.23/turn    (no ring)
MPRegen 0.08/turn

%: no passive effects
@: no status effects
A: demonic touch 1
a: no special abilities


You were on level 1 of the Dungeon.
You visited 1 branch of the dungeon, and saw 1 of its levels.

Inventory:

Hand Weapons
 a - a +2 dagger (weapon)
Missiles
 f - 9 stones
Armour
 c - a +0 helmet (worn)
 e - a +0 robe (worn)
Jewellery
 g - a +6 ring of strength (left hand)
Scrolls
 b - a scroll of fear
Potions
 d - a potion of brilliance
 h - a potion of cancellation {unknown}


   Skills:
 * Level 1.7 Fighting
 - Level 2.6 Dodging
 - Level 4.5 Stealth
 - Level 1.0 Spellcasting
 - Level 1.0 Earth Magic


You had 2 spell levels left.
You knew the following spells:

 Your Spells              Type           Power      Damage    Failure   Level
a - Sandblast             Erth           6%         2d5       21%         1

Your spell library contained the following spells:

 Spells                   Type           Power      Damage    Failure   Level
 Stone Arrow              Conj/Erth      2%         3d7       58%         3


Dungeon Overview and Level Annotations

Branches:
Dungeon (1/15)

Altars:


Innate Abilities, Weirdness & Mutations

Your touch may inflict minor irresistible damage on your foes.


Message History

A ball python comes into view.
The ball python bites you but does no damage.
The ball python grabs you. The ball python constricts you.
You barely miss the ball python. The ball python misses you.
The ball python constricts you.
You hit the ball python.
The ball python is moderately wounded.
The ball python bites you. The ball python constricts you.
You hit the ball python.
You kill the ball python!
You see here a ball python corpse.
A frilled lizard comes into view.
You see here a +6 ring of strength.
g - a +6 ring of strength You feel stronger.
g - a +6 ring of strength (left hand)
The frilled lizard bites you but does no damage.
You hit the frilled lizard.
You kill the frilled lizard!
You see here a frilled lizard corpse.
A giant cockroach comes into view.
You hit the giant cockroach but do no damage.
Your punch misses the giant cockroach.
The giant cockroach bites you but does no damage. x2
You hit the giant cockroach.
You kill the giant cockroach!
You see here a giant cockroach corpse.
h - a fuming silvery potion A hobgoblin comes into view.
Found 8 gold pieces.
Found a black potion.
A goblin and a ball python come into view.
The ball python hisses angrily.
The helpless hobgoblin fails to defend itself.
You impale the hobgoblin!!
You kill the hobgoblin!
You have reached level 2!
Your demonic ancestry asserts itself...
Your hands begin to faintly glow with unholy energy.
Are you sure you want to abandon this character and quit the game? (Confirm with "yes".)

#.# #.# #######
####.########..$....
#...........@...S...
#.......#####...!...
###..##.# .......
#..##.#####....... #
##..............g..
###
##...#######..#####.
##.. #..#.# .. ##...
#.##.# .. ##...#
#.##.# .. ##...##


You could see a goblin and a ball python.

Vanquished Creatures
  2 ball pythons (D:1)
  A giant cockroach (D:1)
  2 hobgoblins (D:1)
  A quokka (D:1)
  A bat (D:1)
  A frilled lizard (D:1)
8 creatures vanquished.

Notes
Turn   | Place    | Note
-------+----------+-------------------------------------------
     0 | D:1      | Chiseanne the Demonspawn Wanderer began the quest for the
                  | Orb.
     0 | D:1      | Chiseanne set off with the following items: a +2 dagger, a
                  | scroll of fear, a +0 helmet, a potion of brilliance, a +0
                  | robe; and the following spell memorised: Sandblast; and the
                  | following spells available to memorise: Stone Arrow.
     0 | D:1      | Reached XP level 1. HP: 13/13 MP: 2/2
   120 | D:1      | Reached skill level 1 in Fighting
   258 | D:1      | Gained mutation: Your touch may inflict minor irresistible
                  | damage on your foes. [demonic ancestry]
   258 | D:1      | Reached XP level 2. HP: 22/22 MP: 3/3
   258 | D:1      | Quit the game

Illustrated notes

Levels and vault maps discovered:
D:1:      dpeg_chamrin_arrival_tetris, layout_rooms,
          hellmonk_ecumenical_altar_prayer_group

Skill      XL: |  1 |
---------------+----+-----
Fighting       | 1 |  1.7
Dodging        | |  2.6
Stealth        | |  4.5
Spellcasting   | |  1.0
Earth Magic    | |  1.0

Action                     || total
---------------------------++-------
  Melee: Dagger            ||    22
   Stab: Sleeping          ||     3
 Armour: Robe              ||    11
  Dodge: Dodged            ||     9

Table legend: (Time is in decaauts)
 A = Elapsed time spent in this place.
 B = Non-inter-level travel time spent in this place.
 C = Inter-level travel time spent in this place.
 D = Time resting spent in this place.
 E = Time spent auto-exploring this place.
 F = Levels seen in this place.
 G = Mean time per level.
                   A        B        C        D        E       F      G
               +--------+--------+--------+--------+--------+-----+--------+
         Total |    257 |    257 |      0 |      0 |    191 |   1 |  257.0 |
       Dungeon |    257 |    257 |      0 |      0 |    191 |   1 |  257.0 |
               +--------+--------+--------+--------+--------+-----+--------+

Top non-repeatable levels by time:
     D:1: 257 daAuts
